 Dungeon Crawl Stone Soup version 0.20.1-1-g8b1a95d (webtiles) character file.

58203 letownia2 the Cleaver (level 14, 116/126 (127) HPs)
             Began as a Deep Dwarf Necromancer on Dec 9, 2017.
             Was an Initiate of Gozag.
             Quit the game on level 2 of the Lair of Beasts.
             The game lasted 01:25:29 (22249 turns).

letownia2 the Cleaver (Deep Dwarf Necromancer)     Turns: 22249, Time: 01:25:29

HP:   116/126 (127) AC: 14    Str: 15    XL:     14   Next: 48%
MP:   27/27         EV: 13    Int: 18    God:    Gozag
Gold: 1659          SH:  0    Dex: 13    Spells: 12/31 levels left

rFire    . . .     SeeInvis +   a - +4 hand axe (elec)
rCold    . . .     Gourm    .   (no shield)
rNeg     + . .     Faith    .   x - +0 chain mail {MR+}
rPois    +         Spirit   .   Q - +2 helmet {SInv}
rElec    .         Reflect  .   (no cloak)
rCorr    .         Harm     .   v - +0 pair of gloves
MR       +++..                  (no boots)
Stlth    ..........             R - amulet of rage
Regen    0.0/turn               h - +4 ring of evasion
MPRegen  0.2/turn               O - ring of poison resistance

@: non-regenerating
A: damage resistance, heal wounds, negative energy resistance 1, sense
surroundings 2, no regeneration
a: Heal Wounds, Potion Petition, Call Merchant, Bribe Branch, Renounce Religion,
Evoke Berserk Rage


You were on level 2 of the Lair of Beasts.
You worshipped Gozag.
Gozag was most pleased with you.
You were not hungry.

You visited 4 branches of the dungeon, and saw 21 of its levels.
You also visited: Labyrinth, Sewer and Ice Cave.

You collected 6911 gold pieces.
You paid 5252 gold pieces to Gozag.

Inventory:

Hand Weapons
 a - a +4 hand axe of electrocution (weapon)
 b - the +1 mace of Exchange {crush, rElec rC++ MR+}
   (You found it on level 4 of the Dungeon)

   It inflicts extra damage upon your enemies.
   It greatly protects you from cold.
   It insulates you from electricity.
   It affects your resistance to hostile enchantments.
 c - a +0 blowgun
 d - a +5 halberd of venom
 e - a +0 arbalest of venom
 g - a +1 battleaxe of freezing
Missiles
 U - 398 bolts
Armour
 v - a +0 pair of gloves (worn)
 x - a +0 chain mail of magic resistance (worn)
 Q - a +2 helmet of see invisible (worn)
Jewellery
 h - a +4 ring of evasion (left hand)
 w - an uncursed ring of fire
 C - an uncursed ring of ice
 N - a +6 ring of dexterity
 O - a ring of poison resistance (right hand)
 R - an amulet of rage (around neck)
 S - an uncursed ring of protection from fire
 X - an uncursed ring of protection from magic
Wands
 q - a wand of confusion (16/48)
 s - a wand of disintegration (1/24)
 D - a wand of disintegration (6/24)
 G - a wand of acid (0/15)
 T - a wand of paralysis (9/24)
 Z - a wand of digging (13/24)
Scrolls
 k - a scroll of fog
 l - 2 scrolls of immolation
 p - 6 scrolls of teleportation
 r - 3 scrolls of recharging
 L - a scroll of blinking
Potions
 j - 7 potions of mutation {unknown}
 m - 7 potions of curing {unknown}
 n - 5 potions of haste
 t - a potion of ambrosia
 u - 2 potions of heal wounds
 z - 2 potions of agility
 B - a potion of flight
 E - 3 potions of lignification
 F - 4 potions of berserk rage
 H - a potion of magic
 I - 4 potions of might
 J - 3 potions of brilliance
 P - a potion of cancellation
Miscellaneous
 i - a box of beasts
 y - a lamp of fire
Comestibles
 M - 2 bread rations


   Skills:
 - Level 8.4 Fighting
 + Level 14.9 Axes
 + Level 5.1 Armour
 - Level 7.1 Dodging
 - Level 2.4 Stealth
 - Level 9.3 Spellcasting
 + Level 14.9 Necromancy
 - Level 6.3 Evocations


You had 12 spell levels left.
You knew the following spells:

 Your Spells              Type           Power        Failure   Level  Hunger
a - Pain                  Necr           ####         1%          1    None
i - Silence               Hex/Air        #.........   100%        5    #####..
r - Deflect Missiles      Chrm/Air       #.........   100%        6    ######.
v - Vampiric Draining     Necr           ######....   1%          3    None
x - Dazzling Spray        Conj/Hex       #.....       99%         3    None
z - Summon Butterflies    Summ           #.......     83%         1    None


Dungeon Overview and Level Annotations

Branches:
Dungeon (14/15)            Temple (1/1) D:4            Lair (4/6) D:9
    Orc (2/2) D:10            Elf (0/3) Orc:2
  Swamp: Lair:2-4    Shoals: Lair:2-4     Snake: Lair:2-4    Spider: Lair:2-4
 Vaults: D:13-14

Altars:
Cheibriados
Dithmenos
Elyvilon
Fedhas
Gozag
Hepliaklqana
Kikubaaqudgha
Okawaru
Ru
Sif Muna
Uskayaw
Vehumet
Xom
Yredelemnul
The Shining One

Shops:
D:5 *   D:10 [   D:11 (   Orc:1 (   Orc:2 }*?(*   Lair:2 [==[[   Lair:3 [

Annotations:
D:14 1 exclusion


Innate Abilities, Weirdness & Mutations

You are resistant to damage.
You can heal yourself by infusing magical energy.
You resist negative energy. (rN+)
You passively map the area around you.
You do not regenerate.


Message History

Unknown command.
Unknown command.
(D) Dungeon (T) Temple (L) Lair (O) Orcish Mines (E) Elven Halls
Where to? (Enter - Lair:1, ? - help)
What level of the Lair of Beasts? (default 1, ? - help)
There is a stone staircase leading down here.
You climb downwards.
There is a stone staircase leading up here. [a] 1365 gold - Hiaskiem's Food Emporium [b] 909 gold - Titoqif's Gadget Shop [c] 1766 gold - Konu Hau's Book Boutique [d] 1507 gold - Relidesk's Jewellery Emporium Fund which merchant?
You no longer have enough gold to fund merchants seeking to open stores in the dungeon.
You no longer have enough gold to bribe branches to halt enemies' attacks and recruit allies.
Relidesk invites you to visit his Jewellery Emporium.
You currently need 2000 gold to open negotiations with a merchant.
Unknown command.
Are you sure you want to abandon this character and quit the game? (Confirm with "yes".)

* ♣..........≈§≈≈§....##.#
♣..........###≈≈.......# *
♣♣##..#...)######......,, , ,
#.........###...# ,.#. ,≈
#..#........>...# ...# *
#..##..##P.###P.#####.... ≈
*####...##.##P...............
♣♣#.#PP..#P.P##...............
♣♣♣♣[...........@∩...............
#....P###..#....∩:<....P.........
#....## #.......∩∩∩..#.P..P###..
.....# ###.....P...#.....P#
.....# ##.....#.###.##..# *
....## #....##.##P..#.P.#*, *
.....# ###....##.#..........,
.....#####.#.....#.#...........
...................P............


There were no monsters in sight!

Vanquished Creatures
  A frost giant (IceCv)
  A minotaur (Lab)
  2 hydras (Lair:3)
  An ogre mage (Orc:2)
  8 two-headed ogres
  A death yak (IceCv)
  Urug (D:14)
  An orc high priest (Orc:1)
  Nergalle (D:10)
  The ghost of Kingsmith the Thaumaturge, a novice DEFE of Vehumet (D:9)
  An unseen horror (D:13)
  4 orc knights
  8 deep elf magi
  2 ugly things
  An orc sorcerer (Orc:2)
  A cyclops (Orc:1)
  A centaur zombie (D:6)
  2 ice statues
  A centaur skeleton (D:12)
  2 gargoyles
  2 black mambas
  A molten gargoyle (Lair:2)
  7 spiny frogs
  5 komodo dragons
  A yaktaur (D:13)
  A kobold demonologist (D:12)
  7 trolls
  17 polar bears (IceCv)
  3 jumping spiders (Lair:4)
  A hornet (D:5)
  4 slime creatures
  8 hippogriffs
  12 dream sheep (Lair:3)
  Sigmund (D:5)
  4 redbacks (Lair:4)
  A shadow (D:13)
  A wraith (D:12)
  4 hogs (D:7)
  2 basilisks
  33 yaks
  A human (D:7)
  2 hungry ghosts
  2 wargs
  4 vampire mosquitoes (D:13)
  2 acid dragons
  9 water moccasins
  4 porcupines
  Duvessa (D:7)
  4 sky beasts
  35 orc warriors
  4 black bears
  4 phantoms
  2 ice beasts
  27 wolves
  A necrophage (D:6)
  13 centaurs
  7 ogres
  10 crocodiles
  The ghost of rabbitfr the Cutter, an amateur VSBe of Trog (Sewer)
  7 big kobolds
  15 bullfrogs
  Dowan (D:7)
  A wyvern skeleton (D:8)
  5 scorpions
  9 killer bees
  5 howler monkeys
  3 wights (D:11)
  5 crimson imps
  A bullfrog zombie (D:12)
  A quasit (D:9)
  4 jellies
  8 orc priests
  6 hounds
  15 orc wizards
  A bullfrog skeleton (D:4)
  A gnoll shaman (D:7)
  An iguana (D:13)
  8 worker ants
  A killer bee zombie (D:8)
  A hound skeleton (D:11)
  3 worker ant zombies
  7 gnolls
  15 adders
  2 howler monkey skeletons
  3 shadow imps
  12 white imps (Lair:3)
  2 oozes
  An adder zombie (D:6)
  2 adder skeletons
  A worm (D:6)
  A dart slug (D:2)
  6 leopard geckos
  78 orcs
  9 ball pythons
  10 bats
  9 giant cockroaches
  6 goblins
  5 hobgoblins
  13 jackals
  7 quokkas
  7 frilled lizards
  24 kobolds
  A quokka zombie (D:7)
  6 rats
  A fungus (Lair:3)
  2 plants (Lair:1)
621 creatures vanquished.

Vanquished Creatures (others)
  4 fungi (Lair:3)
  4 plants
8 creatures vanquished.

Grand Total: 629 creatures vanquished

Notes
Turn   | Place    | Note
-------+----------+-------------------------------------------
     0 | D:1      | letownia2 the Deep Dwarf Necromancer began the quest for the Orb.
     0 | D:1      | Reached XP level 1. HP: 15/15 MP: 3/3
   356 | D:3      | Reached XP level 2. HP: 22/22 MP: 0/5
   424 | D:3      | Found a glowing drain.
   437 | D:3      | Reached skill level 5 in Necromancy
   463 | D:3      | Reached XP level 3. HP: 26/28 MP: 0/6
   523 | Sewer    | Entered a sewer
   539 | Sewer    | Learned a level 3 spell: Vampiric Draining
   730 | Sewer    | Noticed rabbitfr's ghost (amateur VSBe)
   753 | Sewer    | Killed rabbitfr's ghost
   753 | Sewer    | Reached XP level 4. HP: 16/36 MP: 7/7
  1339 | Sewer    | Noticed a bullfrog
  1345 | Sewer    | Killed a bullfrog
  1345 | Sewer    | Reached XP level 5. HP: 34/41 MP: 1/8
  1547 | D:4      | Reached XP level 6. HP: 41/48 MP: 5/9
  1565 | D:4      | Found a staircase to the Ecumenical Temple.
  1589 | Temple   | Entered the Ecumenical Temple
  1655 | D:4      | Got an encrusted mace
  1656 | D:4      | Identified the cursed +1 mace of Exchange {crush, rElec rC++ MR+} (You found it on level 4 of the Dungeon)
  2334 | Temple   | Became a worshipper of Gozag Ym Sagoz the Greedy
  2380 | D:3      | Found an iron altar of Okawaru.
  4687 | D:1      | Reached XP level 7. HP: 43/54 MP: 8/11
  4920 | D:3      | Found a deep blue altar of Sif Muna.
  5007 | D:5      | Entered Level 5 of the Dungeon
  5029 | D:5      | Noticed a hornet
  5034 | D:5      | Killed a hornet
  5034 | D:5      | Reached skill level 1 in Fighting
  5034 | D:5      | Reached skill level 1 in Axes
  5034 | D:5      | Reached skill level 1 in Armour
  5165 | D:5      | Noticed Sigmund
  5175 | D:5      | Killed Sigmund
  5300 | D:5      | Found Sieliuw's General Store.
  5641 | D:5      | Found a shadowy altar of Dithmenos.
  6087 | D:6      | Reached XP level 8. HP: 50/66 MP: 9/14
  6388 | D:6      | Reached skill level 5 in Axes
  6388 | D:6      | Reached skill level 5 in Spellcasting
  6605 | D:7      | Noticed a hippogriff
  6640 | D:7      | Gained mutation: You passively map the area around you. [Deep Dwarf growth]
  6640 | D:7      | Reached XP level 9. HP: 27/72 MP: 7/17
  6862 | D:7      | Noticed Duvessa
  7373 | D:7      | Noticed Dowan
  7382 | D:7      | Killed Duvessa
  7392 | D:7      | Killed Dowan
  7443 | D:7      | Noticed an ice statue
  7978 | D:8      | Noticed a two-headed ogre
  8461 | D:8      | Killed a two-headed ogre
  8461 | D:8      | Reached XP level 10. HP: 76/79 MP: 12/23
  8771 | D:9      | Noticed Kingsmith's ghost (novice DEFE)
  8782 | D:9      | Killed Kingsmith's ghost
  8782 | D:9      | Reached skill level 5 in Evocations
  8805 | D:9      | Learned a level 3 spell: Dazzling Spray
  9478 | D:9      | Found a staircase to the Lair.
  9482 | Lair:1   | Entered Level 1 of the Lair of Beasts
  9492 | Lair:1   | Noticed a spiny frog
  9507 | D:9      | Killed a spiny frog
  9688 | Lair:1   | Noticed a spiny frog
  9709 | Lair:1   | Killed a spiny frog
 10119 | Lair:1   | Noticed a spiny frog
 10129 | Lair:1   | Reached skill level 10 in Necromancy
 10140 | Lair:1   | Killed a spiny frog
 10264 | Lair:1   | Noticed a black mamba
 10274 | Lair:1   | Killed a black mamba
 10274 | Lair:1   | Reached XP level 11. HP: 53/89 MP: 8/24
 10484 | D:10     | Entered Level 10 of the Dungeon
 10704 | D:9      | Noticed a two-headed ogre
 10717 | D:9      | Killed a two-headed ogre
 10944 | D:10     | Noticed a deep elf mage
 10953 | D:10     | Killed a deep elf mage
 10987 | D:10     | Noticed a deep elf mage
 10988 | D:10     | Identified Iwkinty's Papyrus of Dhcmrlchtdj
 10991 | D:10     | Noticed a deep elf mage
 11087 | D:10     | Noticed a deep elf mage
 11096 | D:10     | Identified Measmu's Volume of Plaster Cramp
 11108 | D:10     | Identified Ts'ui Pên's Compendium of Forking Paths
 11124 | D:10     | You fall through a shaft for 3 floors!
 11187 | D:13     | Noticed a deep elf mage
 11212 | D:13     | Killed a deep elf mage
 11490 | D:11     | Killed a deep elf mage
 11528 | D:11     | Found a labyrinth entrance.
 11603 | D:11     | Killed a deep elf mage
 11635 | Lab      | Entered a labyrinth
 11994 | Lab      | Noticed a minotaur
 12002 | Lab      | Killed a minotaur
 12005 | Lab      | Got a brightly glowing rapier {pierce}
 12046 | Lab      | Identified the +9 rapier of Xyshruuj {pierce, +Rage MR+} (You took it off a minotaur in a labyrinth)
 12069 | D:11     | Learned a level 5 spell: Silence
 12076 | D:11     | Learned a level 6 spell: Deflect Missiles
 12171 | D:11     | Found Zutain's Antique Weapon Boutique.
 12437 | D:10     | Found Asicecle's Armour Shop.
 12442 | D:10     | Found a staircase to the Orcish Mines.
 12984 | D:10     | Noticed Nergalle
 13010 | D:10     | Killed Nergalle
 13013 | D:10     | Reached XP level 12. HP: 83/98 MP: 5/25
 14132 | D:12     | Got an ancient rapier
 14502 | D:12     | Reached skill level 5 in Armour
 14510 | D:12     | Reached skill level 5 in Fighting
 14582 | D:12     | Reached skill level 10 in Axes
 15001 | D:13     | Got a translucent leather armour
 15617 | D:14     | Noticed Urug
 15628 | D:14     | Killed Urug
 16050 | Lair:2   | Reached XP level 13. HP: 82/108 MP: 0/26
 16466 | Lair:3   | Found a frozen archway.
 16543 | Lair:3   | Reached skill level 5 in Dodging
 16853 | IceCv    | Entered an ice cave
 17982 | IceCv    | Noticed a frost giant
 17994 | IceCv    | Killed a frost giant
 18144 | IceCv    | Learned a level 1 spell: Summon Butterflies
 18574 | Lair:2   | Identified the +9 rapier "Hydraslayer" {freeze, *Slow rF+ SInv} (You found it on level 12 of the Dungeon)
 18592 | Lair:2   | Identified the +0 leather armour "Qudech" {rN++} (You found it on level 13 of the Dungeon)
 18684 | Orc:1    | Entered Level 1 of the Orcish Mines
 18718 | Orc:1    | Found Joqok's Antique Weapon Emporium.
 18742 | Orc:2    | Entered Level 2 of the Orcish Mines
 18961 | Orc:2    | Gained mutation: You resist negative energy. (rN+) [Deep Dwarf growth]
 18961 | Orc:2    | Reached XP level 14. HP: 86/122 MP: 7/27
 21180 | Orc:2    | Found Douga's General Store.
 21186 | Orc:2    | Found a staircase to the Elven Halls.
 21891 | Orc:2    | Found Zugovi's Assorted Antiques.
 21891 | Orc:2    | Found Bilegawn's Magic Scroll Boutique.
 21893 | Orc:2    | Found Sikun's Weapon Shop.
 21895 | Orc:2    | Found Ciwocani's Gadget Emporium.
 22249 | Lair:2   | Quit the game

Skill      XL: |  1  2  3  4  5  6  7  8  9 10 11 12 13 14 |
---------------+-------------------------------------------+-----
Spellcasting   | 2 3 4 5 9 |  9.3
Necromancy     | 5 6 7 8 10 13 14 | 14.9
Evocations     | 2 4 6 |  6.3
Fighting       | 2 3 4 5 7 8 |  8.4
Axes           | 3 6 8 9 13 14 | 14.9
Armour         | 2 3 5 |  5.1
Dodging        | 3 7 |  7.1
Stealth        | |  2.4

Action                   |  1- 3 |  4- 6 |  7- 9 | 10-12 | 13-15 || total
-------------------------+-------+-------+-------+-------+-------++-------
Melee: Dagger            |    30 |       |       |       |       ||    30
       Mace              |       |    75 |     1 |     7 |   100 ||   183
       Hand axe          |       |       |   192 |   498 |   484 ||  1174
       Rapier            |       |       |       |       |     1 ||     1
       Halberd           |       |       |       |       |     1 ||     1
 Fire: Arbalest          |       |       |       |       |    22 ||    22
Throw: Throwing net      |       |       |     1 |     1 |       ||     2
 Cast: Pain              |    29 |   111 |    10 |     7 |     3 ||   160
       Vampiric Draining |     1 |    14 |    93 |   269 |   243 ||   620
Invok: Call Merchant     |       |       |       |     3 |     3 ||     6
 Abil: Evoke Berserk Rag |       |       |       |       |     3 ||     3
Evoke: Wand              |     5 |     1 |    11 |    23 |    73 ||   113
  Use: Scroll            |     2 |       |     4 |    22 |    11 ||    39
       Potion            |       |       |       |     1 |     3 ||     4
 Stab: Paralysed         |       |       |       |     5 |     2 ||     7
       Confused          |       |       |       |     3 |     8 ||    11
       Distracted        |       |       |       |     1 |     4 ||     5
  Eat: Chunk             |       |     7 |       |       |       ||     7
       Fruit             |       |     4 |       |     2 |     4 ||    10
       Royal jelly       |       |     2 |     2 |     3 |     4 ||    11
       Meat ration       |       |       |     3 |     2 |     1 ||     6
       Bread ration      |       |       |       |     2 |     1 ||     3
Armor: Ring mail         |    15 |     8 |    65 |    69 |    70 ||   227
       Scale mail        |       |    70 |     4 |   136 |    92 ||   302
Dodge: Dodged            |    29 |    76 |   152 |   428 |   581 ||  1266
Block: Buckler           |       |       |       |    46 |       ||    46
